 Dungeon Crawl Stone Soup version 0.18.1-48-g4cf74bf (webtiles) character file.

278 Gargoyl the Covered (level 6, -7/48 HPs)
             Began as a Demonspawn Abyssal Knight on Aug 31, 2016.
             Was a Believer of Lugonu.
             Engulfed by a cloud of flame (16 damage)
             ... on level 5 of the Dungeon.
             The game lasted 00:06:22 (3641 turns).

Gargoyl the Covered (Demonspawn Abyssal Knight)     Turns: 3641, Time: 00:06:23

Health: -7/48      AC: 16    Str: 14    XL:     6   Next: 5%
Magic:  8/8        EV:  6    Int: 14    God:    Lugonu [**....]
Gold:   132        SH:  0    Dex: 14    Spells: 0 memorised, 5 levels left

rFire  . . .     SeeInvis .     d - +10 spear of the Equinox {flame, Dex+2}
rCold  . . .     Gourm    .     e - +0 chain mail
rNeg   . . .     Faith    .     (no shield)
rPois  .         Spirit   .     (helmet restricted)
rElec  .         Dismiss  .     (no cloak)
rCorr  .         Reflect  .     n - +0 pair of gloves
SustAt .         Harm     .     l - +1 pair of boots
MR     .....     Rnd*Rage +     (no amulet)
Stlth  ..........               (no ring)
                                (no ring)

@: not resistant to hostile enchantments, extremely unstealthy
A: horns 1, slimy green scales 2, berserk 1
a: Depart the Abyss, Bend Space, Renounce Religion


You were on level 5 of the Dungeon.
You worshipped Lugonu.
Lugonu was pleased with you.
You were not hungry.

You visited 1 branch of the dungeon, and saw 5 of its levels.
You visited the Abyss 1 time.

You collected 132 gold pieces.

Inventory:

Hand Weapons
 a - a +2 hand axe
 d - the +10 spear of the Equinox (weapon) {flame, Dex+2}
   (You found it on level 4 of the Dungeon)

   It has been specially enchanted to burn those struck by it, causing extra
   injury to most foes and up to half again as much damage against particularly
   susceptible opponents.
   It affects your dexterity (+2).
 q - a +0 spear
Armour
 e - a +0 chain mail (worn)
 l - a +1 pair of boots (worn)
 n - a +0 pair of gloves (worn)
Wands
 y - a wand of acid (14/15)
Scrolls
 i - 6 scrolls of identify
 o - 3 scrolls of teleportation
 s - 2 scrolls of amnesia
 w - a scroll of fog
 C - 2 scrolls of fear
Potions
 b - 2 potions of brilliance {unknown}
 f - 4 potions of curing {unknown}
 h - a potion of cure mutation {unknown}
 j - 3 potions of heal wounds {unknown}
 k - a potion of degeneration {unknown}
 m - a potion of ambrosia {unknown}
 p - 2 potions of flight {unknown}
 r - a potion of lignification {unknown}
 t - a potion of agility {unknown}
 v - a potion of beneficial mutation {unknown}
 x - a potion of resistance {unknown}
Comestibles
 c - 4 bread rations
 g - 2 meat rations
 u - a beef jerky
 B - 2 chunks of flesh


   Skills:
 + Level 4.2 Fighting
 + Level 2.6 Axes
 * Level 4.4 Armour
 + Level 1.3 Dodging
 + Level 2.7 Invocations


You had 5 spell levels left.
You didn't know any spells.

Dungeon Overview and Level Annotations

Branches:
Dungeon (5/15)
 Temple: D:4-7

Altars:
Elyvilon
Fedhas
Nemelex Xobeh
Ru
Zin


Innate Abilities, Weirdness & Mutations

You have a pair of small horns on your head.
You are mostly covered in slimy green scales (AC +3).
[You tend to lose your temper in combat.]


Message History

Press: ? - help, Dir - move target cursor, f/p - crimson imp
Aim: a crimson imp (heavily wounded, inner flame)
You hit the crimson imp but do no damage.
You headbutt the crimson imp.
The crimson imp is severely wounded.
The crimson imp hits you but does no damage.
You hit the crimson imp.
The crimson imp explodes!
The fiery explosion engulfs you!
Ouch! That really hurt!
* * * LOW HITPOINT WARNING * * *
Lugonu accepts your kill.
You have reached level 6!
Your experience leads to an increase in your attributes!
Your base attributes are Str 13, Int 14, Dex 12.
Increase (S)trength, (I)ntelligence, or (D)exterity?
You feel stronger.
Your demonic ancestry asserts itself...
Slimy green scales spread over more of your body.
You are engulfed in roaring flames.
You die...

#.# #.....#.##..#. #.#
#.#####.#<..#. #.# #.# #.###.#.
#.# #.# #.#...#. #.# #.# #.#.###.
#.# #)# #.#.###.
#########+####.###.# #.#.....
#......##..##......# #.######
###.####.###.##§@##### ##.#.....
#...##..........§###### #..#.####
#...##.#.####...§§....###.##.#
+...##<..#.....#.####.#...##.####
#...##...+.....#.# #.#.####.#...
#...##.###...#...# #.#.####.#.##
....##. #...+...# #.#......#.#
.##.##. #...##..# #.########.##
....##.# #... #..# #............


There were no monsters in sight!

Vanquished Creatures
  A crimson imp (D:5)
  2 worker ants
  4 gnolls (D:3)
  7 adders
  An adder zombie (D:5)
  A worm (D:2)
  4 dart slugs
  2 giant geckos
  An orc (D:4)
  7 bats
  2 giant cockroaches
  8 goblins
  8 hobgoblins
  9 jackals
  2 quokkas (D:4)
  A ball python (D:2)
  2 giant newts
  9 kobolds
  9 rats
80 creatures vanquished.

Notes
Turn   | Place    | Note
--------------------------------------------------------------
     0 | Abyss:1  | Gargoyl the Demonspawn Abyssal Knight began the quest for the Orb.
     0 | Abyss:1  | Reached XP level 1. HP: 18/18 MP: 2/2
    63 | Abyss:1  | Noticed a wretched star
    64 | D:1      | Escaped the Abyss
   617 | D:1      | Gained mutation: You are partially covered in slimy green scales (AC +2). [demonic ancestry]
   617 | D:1      | Reached XP level 2. HP: 18/24 MP: 3/3
   734 | D:1      | Reached * piety under Lugonu
  1256 | D:2      | Gained mutation: You have a pair of small horns on your head. [demonic ancestry]
  1256 | D:2      | Reached XP level 3. HP: 29/29 MP: 4/4
  1536 | D:2      | Reached skill level 1 in Dodging
  1752 | D:2      | Reached XP level 4. HP: 37/37 MP: 6/6
  1841 | D:2      | Found a sparkling altar of Nemelex Xobeh.
  2016 | D:2      | Reached ** piety under Lugonu
  2430 | D:3      | Reached XP level 5. HP: 33/42 MP: 7/7
  2496 | D:3      | Found a white marble altar of Elyvilon.
  2592 | D:3      | Found a blossoming altar of Fedhas.
  2667 | D:3      | Found a glowing silver altar of Zin.
  3079 | D:4      | Got a brightly glowing spear
  3080 | D:4      | Identified the +10 spear of the Equinox {flame, Dex+2} (You found it on level 4 of the Dungeon)
  3260 | D:4      | Found a sacrificial altar of Ru.
  3423 | D:5      | Entered Level 5 of the Dungeon
  3641 | D:5      | Gained mutation: You are mostly covered in slimy green scales (AC +3). [demonic ancestry]
  3641 | D:5      | Reached XP level 6. HP: 9/48 MP: 8/8
  3641 | D:5      | Engulfed by a cloud of flame

Skill      XL: |  1  2  3  4  5 |
---------------+----------------+-----
Armour         | 2 3 4 |  4.4
Axes           | 2 |  2.6
Dodging        | 1 |  1.3
Fighting       | 4 |  4.2
Invocations    | |  2.7

Action                   |  1- 3 |  4- 6 || total
-------------------------+-------+-------++-------
Melee: Hand axe          |    86 |   124 ||   210
       Headbutt          |     6 |    22 ||    28
       Spear             |       |    19 ||    19
Invok: Depart the Abyss  |     1 |       ||     1
Evoke: Wand              |       |     1 ||     1
  Use: Scroll            |       |    11 ||    11
  Eat: Chunk             |     5 |     7 ||    12
Armor: Chain mail        |    71 |   139 ||   210
Dodge: Dodged            |    25 |    67 ||    92
